[Event "*** Titled Tuesday Blitz"]
[Site "Chess.com"]
[Date "2020.04.07"]
[Round "2"]
[White "Qingdom"]
[Black "stolencandy13"]
[Result "0-1"]
[WhiteElo "2120"]
[BlackElo "2423"]
[TimeControl "180+1"]
[EndTime "13:19:34 PDT"]
[Termination "stolencandy13 won by resignation"]

1. d4 Nf6 2. Bg5 e6 3. e4 Be7 4.
e5 Nd5 5. Bd2 d6 6. Nf3 c5 7. c4 Nb6 8. exd6 Qxd6 9. dxc5 Qxc5 10. Be3 Qb4+ 11. Qd2 Nxc4 12. Qxb4 Bxb4+ 13. Nbd2 Nxe3 14. fxe3 Nc6 15. Bd3 O-O 16. Ke2 b6 17. Rac1 Bb7 18. a3 Be7 19. Rc2 Rac8 20. Rhc1 Na5 21. Rxc8 Rxc8 22.
Rxc8+ Bxc8 23. b4 Nc6 24. Nb3 g6 25. Nbd4 Nxd4+ 26. Nxd4 a6 27. Be4 Kf8 28. Nc6 Bf6 29.
Kd3 Ke8 30. a4 Kd7 31. b5 a5 32. h3 Kd6 33. g4 Bh4 34. Kc4 f5 35. Bf3 e5 36. gxf5 gxf5 37. Bd5 Bg5 38. e4 fxe4 39. Bxe4 h6 40. Bg2 Be6+ 41. Kc3 Kc5 42. Kd3 Bf6 43.
Ke4 Bd5+ 44. Kf5 Bxg2 45. Kxf6 e4 46. Ne5 Bxh3 47. Kg6 e3 48. Kxh6 e2 49. Kg5 Kd5 50. Nd3 Kd4 51. Ne1 Be6 52. Kf4 Bb3 53. Kf3 Bxa4 54. Kxe2 Kc3 55. Nf3 Bxb5+ 56. Kd1 Kb2 57. Kd2 a4 58. Nd4 a3 59. Nxb5 a2 60. Nd6 a1=Q 61. Nc4+ Kb3 62. Nxb6 Qd4+ 63. Ke2 Qxb6 64. Kd3 Qd6+ 65. Ke3 Kc3 0-1

[Event "*** Titled Tuesday Blitz"]
[Site "Chess.com"]
[Date "2020.04.07"]
[Round "2"]
[White "Oleg_Papayan"]
[Black "Federtiu"]
[Result "0-1"]
[WhiteElo "2331"]
[BlackElo "2684"]
[TimeControl "180+1"]
[EndTime "13:19:36 PDT"]
[Termination "Federtiu won by resignation"]

1. e4 g6 2. d4 Bg7 3. Nc3 d6 4. Be3 a6 5. Nge2 b5 6. a3 Bb7 7. f3 Nd7 8. Qd2 Rc8 9. O-O-O Nb6 10. Ng3 h5 11. h4 Nf6 12. d5 c6 13. dxc6 Rxc6 14. e5 Nfd7 15. e6 fxe6 16. Bd3 Ne5 17. f4 Nbc4 18. Qe2 Nxb2 19. fxe5 Bxe5 20. Bxg6+ Kd7 21.
Kxb2 Rxc3 22. Bd4 Bxd4 23. Rxd4 Rxg3 24. Bf7 e5 25. Qxe5 Rxg2 26. Re1 Rh6 27. Rd3 Qh8 28. Qxh8 Rxh8 29. Be6+ Kd8 30. a4 bxa4 31. Rd4 Kc7 32.
Re3 Rb8 33. Bc4 Bd5+ 34. Kc3 Bxc4 35. Rxc4+ Kd7 36. Rxa4 Rg4 37. Rxa6 Rc8+ 38. Kd2 Rc7 39. Rb6 Rg2+ 40. Kd3 Rgxc2 41. Rb4 R2c3+ 42. Ke4 R7c4+ 43. Rxc4 Rxc4+ 44. Kd5 Rxh4 45. Rxe7+ Kxe7 0-1

[Event "*** Titled Tuesday Blitz"]
[Site "Chess.com"]
[Date "2020.04.07"]
[Round "2"]
[White "Mr_Sinigami"]
[Black "Lord_Neezy"]
[Result "1-0"]
[WhiteElo "2606"]
[BlackElo "2314"]
[TimeControl "180+1"]
[EndTime "13:19:36 PDT"]
[Termination "Mr_Sinigami won on time"]

1. d4 e6 2. Nf3 Nf6 3. Bf4 c5 4. e3 cxd4 5. exd4 d6 6. c3 Be7 7. h3 O-O 8. Be2 b6 9. O-O Bb7 10. a4 Nbd7 11. a5 Rc8 12. axb6 axb6 13. Na3 Re8 14. Nb5 Nf8 15. Ra7 Bc6 16. Re1 Ng6 17.
Bh2 Nd5 18. Qd2 Ra8 19. Rea1 Rxa7 20. Nxa7 Bb7 21. Bb5 Rf8 22. Nc6 Qc7 23. Nxe7+ Qxe7 24. Bg3 Ra8 25. Rxa8+ Bxa8 26. c4 Nf6 27. Qb4 Ne4 28. Bh2 Qc7 29. Ne1 e5 30. f3 Ng5 31. d5 h6 32. Nd3 Nh7 33. Qa3 Bb7 34. Qa7 Qe7 35. Qxb6 Bc8 36. Qb8 Qf8 37. c5 dxc5 38. Nxe5 Nxe5 39.
Bxe5 Ng5 40. Bd6 1-0

[Event "*** Titled Tuesday Blitz"]
[Site "Chess.com"]
[Date "2020.04.07"]
[Round "2"]
[White "Shtembuliak"]
[Black "stoleriu"]
[Result "1-0"]
[WhiteElo "2858"]
[BlackElo "2567"]
[TimeControl "180+1"]
[EndTime "13:19:38 PDT"]
[Termination "Shtembuliak won on time"]

1. c4 e5 2. Nc3 Nc6 3. e3 Nf6 4. Nf3 Be7 5. Qb3 O-O 6. Be2 Re8 7. O-O d6 8. a3 b6 9. d4 Bb7 10. d5 Nb8 11. e4 Nbd7 12. Qc2 a5 13. Rb1 c6 14. b4 axb4 15. axb4 cxd5 16. cxd5 Rc8 17. Bd2 Nf8 18. Bb5 N6d7 19. Qa4 Ra8 20. Qb3 Ng6 21. Bc6 Rb8 22. Ra1 Rf8 23. Ra7 Qc8 24. Qa4 Nf6 25. Rc1 Bxc6 26. dxc6 Qe6 27. b5 d5 28. exd5 Nxd5 29.
Nxd5 Qxd5 30. Qc4 Qxc4 31. Rxc4 Bc5 32. Bb4 Rbd8 33. g3 Bxb4 34. Rxb4 f5 35. Ng5 Rfe8 36. Rc4 h6 37. Nf3 f4 38. c7 Rc8 39. Rc6 Kh7 40.
Rxb6 e4 41. Nd4 e3 42. fxe3 fxe3 43. Re6 Rf8 44. Rxe3 Rf7 45. b6 1-0

[Event "*** Titled Tuesday Blitz"]
[Site "Chess.com"]
[Date "2020.04.07"]
[Round "2"]
[White "VladimirBelous"]
[Black "arminmusovic"]
[Result "1-0"]
[WhiteElo "2760"]
[BlackElo "2515"]
[TimeControl "180+1"]
[EndTime "13:19:38 PDT"]
[Termination "VladimirBelous won by resignation"]

1. d4 d5 2. c4 c5 3. dxc5 e6 4. cxd5 Nf6 5. Nc3 Bxc5 6. dxe6 Qxd1+ 7. Nxd1 Bxe6 8. e3 Nc6 9. Bb5 Ne4 10. a3 Bb3 11.
Nc3 Nd6 12. Bxc6+ bxc6 13. Nf3 O-O-O 14. Nd2 Bc2 15. b4 Bb6 16. Bb2 Kb7 17. Rc1 Bd3 18. Na4 Ne4 19. Nxe4 Bxe4 20. f3 Bd5 21. Nc5+ Ka8 22. Kf2 f6 23. Rhd1 Rhe8 24. Bd4 h5 25. e4 Ba2 26. Be3 h4 27. Nd7 Bxe3+ 28. Kxe3 Be6 29.
Nc5 Bc8 30. Rxd8 Rxd8 31. Rc2 Kb8 32. Rd2 Rxd2 33. Kxd2 Kc7 34. Ke3 Kb6 35. Kd4 a5 36. bxa5+ Kxa5 37. f4 Kb6 38. e5 fxe5+ 39. fxe5 Kc7 40.
a4 g5 41. a5 g4 42. a6 Kb6 43. e6 Bxe6 44. Nxe6 Kxa6 45. Kc5 Ka5 46. Nd4 Ka4 47. Nf5 h3 48. g3 Kb3 49. Ne3 Kc3 50. Nxg4 Kd3 51. Nf2+ Ke3 52. Nxh3 Kf3 53. Nf2 Kg2 54.
g4 1-0

[Event "*** Titled Tuesday Blitz"]
[Site "Chess.com"]
[Date "2020.04.07"]
[Round "2"]
[White "silverback96"]
[Black "vanea_03"]
[Result "1-0"]
[WhiteElo "2107"]
[BlackElo "2617"]
[TimeControl "180+1"]
[EndTime "13:19:38 PDT"]
[Termination "silverback96 won by checkmate"]

1. d4 Nf6 2. c4 e6 3. g3 c5 4. d5 exd5 5. cxd5 d6 6. Nc3 g6 7. Nf3 Bg7 8. Bg2 O-O 9. O-O a6 10. a4 Nbd7 11. Bf4 Qe7 12. Rb1 Ng4 13. h3 Nge5 14.
Nxe5 Nxe5 15. b4 b6 16. bxc5 bxc5 17. Qc2 Bf5 18. e4 Bd7 19. Rb7 Bxa4 20. Qb2 Bd7 21. Rb1 Nd3 22. Qd2 Nxf4 23. gxf4 Qd8 24. Nd1 Bb5 25.
Nc3 Bc4 26. Na4 Qh4 27. Nb6 Bb5 28. Nxa8 Rxa8 29. e5 Bh6 30. e6 Bxf4 31. exf7+ Kf8 32. Qe1 Be5 33. Qa5 Rc8 34. R1xb5 axb5 35. Qxb5 c4 36. Qd7 Rd8 37. Qe6 c3 38. Rc7 Qf6 39. Rc8 Kg7 40.
Rxd8 Qxd8 41. Qe8 Bf6 42. f8=Q# 1-0

[Event "*** Titled Tuesday Blitz"]
[Site "Chess.com"]
[Date "2020.04.07"]
[Round "2"]
[White "LilRag"]
[Black "Justmig"]
[Result "1/2-1/2"]
[WhiteElo "2357"]
[BlackElo "2697"]
[TimeControl "180+1"]
[EndTime "13:19:38 PDT"]
[Termination "Game drawn by repetition"]

1. Nf3 d5 2. e3 Nf6 3. d4 Bg4 4.
Be2 e6 5. Nbd2 c5 6. dxc5 Bxc5 7. O-O O-O 8. a3 Nc6 9. c4 a5 10. b3 d4 11. exd4 Nxd4 12. Bb2 Nxe2+ 13. Qxe2 Qc7 14. Rad1 Rad8 15. h3 Bh5 16. g4 Bg6 17. Ne5 Nd7 18. Ndf3 Nxe5 19. Nxe5 Be7 20. Rxd8 Rxd8 21.
Rd1 Bf6 22. Rxd8+ Qxd8 23. Nxg6 hxg6 24. Bxf6 gxf6 25. Qf3 Qe7 26. a4 f5 27. Kg2 b6 28.
Qe3 Qd6 29. Qf3 Qc5 30. g5 e5 31. Qa8+ Kg7 32. Qd8 Qc6+ 33. Kg1 Qe6 34. h4 f4 35. Kf1 f3 36. Ke1 Qf5 37. Kd2 Qf4+ 38. Kd3 e4+ 39. Kc2 e3 40. fxe3 Qxe3 41. Qf6+ Kg8 42. Qd8+ Kh7 43. Qf6 Qe2+ 44. Kc3 Kg8 45. Qd8+ Kh7 46. Qf6 Qe1+ 47. Kd3 Qe2+ 48. Kc3 1/2-1/2

[Event "*** Titled Tuesday Blitz"]
[Site "Chess.com"]
[Date "2020.04.07"]
[Round "2"]
[White "Jenia84"]
[Black "Atanejhad"]
[Result "1/2-1/2"]
[WhiteElo "2301"]
[BlackElo "2523"]
[TimeControl "180+1"]
[EndTime "13:19:38 PDT"]
[Termination "Game drawn by agreement"]

1. Nf3 c5 2. g3 Nc6 3. Bg2 g6 4. O-O Bg7 5. c4 Nf6 6. Nc3 O-O 7. e4 d6 8. h3 a6 9. d3 Rb8 10. Be3 b5 11. cxb5 axb5 12. e5 Nd7 13. exd6 exd6 14.
Bf4 b4 15. Na4 Nce5 16. Nxe5 Nxe5 17. Re1 Ba6 18. Nxc5 dxc5 19. Bxe5 Bxe5 20. Rxe5 Qxd3 21. Qxd3 Bxd3 22. Rxc5 b3 23. axb3 Rxb3 24. Rc3 Rfb8 25. Ra8 Rxa8 26. Bxa8 Rxc3 27. bxc3 Bc4 28. f4 f6 29. Kf2 Kf7 30. Ke3 Ke6 31. Kd4 Ba2 32.
Kc5 g5 33. fxg5 fxg5 34. c4 Ke5 35. Bd5 h5 36. Kb4 h4 37. gxh4 gxh4 38. Ka3 Bb1 39.
Kb2 Bf5 40. Bg2 Kd4 41. Kb3 Be6 42. Bf1 Kc5 43. Kc3 Bf5 44. Kd2 Kd4 45. Ke1 Be6 46.
Kf2 Bd7 47. Kf3 Be6 48. Kf4 Bxc4 49. Bxc4 Kxc4 50. Kg5 Kd5 51. Kxh4 Ke6 52. Kg5 Kf7 53. Kh6 Kg8 54. h4 Kh8 55. Kg6 1/2-1/2

[Event "*** Titled Tuesday Blitz"]
[Site "Chess.com"]
[Date "2020.04.07"]
[Round "2"]
[White "Slovak_fighter2000"]
[Black "willc-h99"]
[Result "1-0"]
[WhiteElo "2469"]
[BlackElo "2232"]
[TimeControl "180+1"]
[EndTime "13:19:38 PDT"]
[Termination "Slovak_fighter2000 won on time"]

1. d4 Nf6 2. Bf4 e6 3. Nf3 b6 4.
e3 Bb7 5. Nbd2 Be7 6. Bd3 Nh5 7.
Bg3 c5 8. c3 d6 9. Qe2 a6 10. a4 Nd7 11. O-O Nxg3 12. hxg3 O-O 13. e4 g6 14. Rfe1 Bf6 15. Nc4 d5 16. exd5 Bxd5 17.
Ne3 Bb7 18. Rad1 Qc7 19. Bc4 cxd4 20. Nxd4 Rfe8 21. Ng4 Bg7 22. Ba2 h5 23. Ne3 Nc5 24. Qc4 e5 25. Nb3 Qc6 26. Nxc5 bxc5 27. Qxf7+ Kh7 28.
Bd5 Rf8 29. Qxb7 Qf6 30. Bf3 Rab8 31. Qc6 Qg5 32. Rb1 h4 33. gxh4 Qxh4 34. Qe4 Rf4 35. g3 Qg5 36. Qd5 Rbf8 37. Bg2 Rxf2 38. Nf1 R8f5 39.
b4 Qh6 40. b5 Rc2 41. b6 Rff2 42. b7 Rxg2+ 43. Qxg2 Rxg2+ 44. Kxg2 1-0

[Event "*** Titled Tuesday Blitz"]
[Site "Chess.com"]
[Date "2020.04.07"]
[Round "2"]
[White "JulAnt"]
[Black "letantha"]
[Result "1-0"]
[WhiteElo "2423"]
[BlackElo "2127"]
[TimeControl "180+1"]
[EndTime "13:19:39 PDT"]
[Termination "JulAnt won by resignation"]

1. e4 c5 2. Nf3 g6 3. d4 cxd4 4.
Qxd4 Nf6 5. Nc3 Nc6 6. Qe3 Bg7 7.
Bd2 O-O 8. h3 d6 9. O-O-O a6 10.
Kb1 b5 11. Bd3 Bb7 12. h4 Ng4 13. Qe2 h5 14. Ng5 e6 15. f3 Nge5 16. Rdg1 b4 17. Nd1 Nxd3 18. cxd3 Nd4 19. Qf2 b3 20. a3 Rc8 21.
Bc3 Nb5 22. Bxg7 Kxg7 23. Ne3 Nd4 24. g4 Rc2 25. Nxc2 bxc2+ 26. Ka1 Qb6 27. Qg3 Rc8 28. gxh5 Nb3+ 29. Ka2 c1=Q 30. Rxc1 Nxc1+ 31. Rxc1 Rxc1 32. Qf4 Rc7 33. h6+ Kf8 34. Qf6 Ke8 35. h7 Kd7 36. h8=Q Kc6 37. Qc3+ Qc5 38. Qxc5+ dxc5 39. Qe5 Kb6 40.
Nxf7 Bc8 41. Nd6 Rc6 42. Nxc8+ Rxc8 43. Qxe6+ Rc6 44. Qe5 a5 45. f4 a4 46. f5 gxf5 47.
exf5 c4 48. dxc4 Rxc4 49. f6 Re4 50. Qxe4 1-0

[Event "*** Titled Tuesday Blitz"]
[Site "Chess.com"]
[Date "2020.04.07"]
[Round "2"]
[White "Blitzking642"]
[Black "Quiet_Desperation"]
[Result "1-0"]
[WhiteElo "2406"]
[BlackElo "2034"]
[TimeControl "180+1"]
[EndTime "13:19:39 PDT"]
[Termination "Blitzking642 won by resignation"]

1. d4 Nf6 2. c4 e6 3. Nc3 Bb4 4. Qc2 Nc6 5. Nf3 d6 6. Bd2 O-O 7. a3 Bxc3 8. Bxc3 Qe7 9. e3 e5 10. Be2 Bg4 11. dxe5 dxe5 12. O-O h6 13. b4 e4 14. Nd4 Ne5 15. Bxg4 Nexg4 16. Qb2 Qe5 17. g3 Qh5 18. h4 Ne5 19. Qe2 Nf3+ 20. Kg2 Ne5 21. Qxh5 Nxh5 22. c5 Rfe8 23. Nb5 Rac8 24. Nxa7 Rcd8 25. Nb5 Rc8 26. Bxe5 Rxe5 27. Rfd1 Nf6 28.
Rd4 g5 29. hxg5 hxg5 30. Rad1 Kg7 31. Rd8 Rxd8 32. Rxd8 Ng4 33. Nxc7 Rf5 34. Rd2 Ne5 35. Nb5 Nf3 36. Nd6 Rf6 37. Rc2 Rh6 38. Nxe4 g4 39. Kf1 Rh1+ 40. Ke2 Re1+ 41. Kd3 Ne5+ 42. Kd4 Nf3+ 43.
Kc4 f5 44. Nd6 Rd1 45. Nxb7 Kf7 46. c6 Nd2+ 47. Kb5 1-0

[Event "*** Titled Tuesday Blitz"]
[Site "Chess.com"]
[Date "2020.04.07"]
[Round "2"]
[White "harvsp123"]
[Black "cassoulet"]
[Result "1-0"]
[WhiteElo "2527"]
[BlackElo "2741"]
[TimeControl "180+1"]
[EndTime "13:19:40 PDT"]
[Termination "harvsp123 won by checkmate"]

1. e4 c5 2. Nf3 Nc6 3. Bb5 g6 4. O-O Bg7 5. Re1 Nf6 6. e5 Nd5 7. Nc3 Nc7 8. Bxc6 dxc6 9. Ne4 Ne6 10. d3 O-O 11. a4 b6 12. Neg5 a5 13. Nxe6 Bxe6 14.
h3 Qd5 15. b3 Rad8 16. Bf4 h6 17. Kh2 Kh7 18. Qd2 Qd7 19. Re2 Bd5 20. Qe3 g5 21. Bg3 f5 22. e6 Qxe6 23. Qxe6 Bxe6 24. Be5 Bxe5+ 25. Rxe5 Rd6 26. Rae1 Rf6 27. Nd2 Kg6 28. Nc4 Bxc4 29. bxc4 e6 30. Rb1 b5 31. axb5 cxb5 32.
Rxb5 Ra6 33. Rbxc5 a4 34. Ra5 Rb6 35. Rxa4 Rb2 36. Re2 f4 37. Ra6 f3 38. gxf3 Rxf3 39. Raxe6+ Kh5 40. Kg2 Rf4 41. Rc6 Rb8 42. Ree6 Rh8 43.
Rf6 Rd4 44. Rcd6 Rh4 45. f3 Rh7 46. d4 Rf4 47. Rxf4 gxf4 48. c5 Rg7+ 49. Kf2 Rg3 50. c6 Rxh3 51. c4 Rh2+ 52. Kg1 Rc2 53. c5 Kh4 54. c7 Kg3 55. Rg6+ Kxf3 56. c8=Q Rc1+ 57.
Kh2 Rc2+ 58. Kh3 Rc1 59. Qc6+ Ke3 60. Re6+ Kd3 61. Qe4+ Kc4 62. Qxf4 h5 63. Qxc1+ Kd5 64. c6 h4 65. c7 Kxd4 66. c8=Q Kd3 67. Qd7# 1-0

[Event "*** Titled Tuesday Blitz"]
[Site "Chess.com"]
[Date "2020.04.07"]
[Round "2"]
[White "violetflower04"]
[Black "SoltaniciR"]
[Result "0-1"]
[WhiteElo "2206"]
[BlackElo "2649"]
[TimeControl "180+1"]
[EndTime "13:19:40 PDT"]
[Termination "SoltaniciR won by resignation"]

1. e4 c5 2. Nf3 d6 3. d4 cxd4 4. Nxd4 Nf6 5. Nc3 a6 6. f3 e6 7. Be3 b5 8. Qd2 Nbd7 9. O-O-O Nb6 10. a3 h5 11. Be2 Bb7 12. Rhf1 Rc8 13. Bd3 Qc7 14.
f4 Be7 15. Qf2 Nc4 16. Bxc4 Qxc4 17. e5 Ng4 18. Qe1 dxe5 19. fxe5 Bxa3 20. bxa3 Qxc3 21.
Qxc3 Rxc3 22. Bd2 Rc4 23. Nb3 Nxe5 24. Na5 Bxg2 25. Nxc4 Nxc4 26. Rg1 Be4 27. Bb4 g6 28. Rd4 Bd5 29. Rf4 e5 30. Rf6 Be6 31. Rd1 h4 32.
Rf2 Rh5 33. Bc5 f5 34. Rf3 e4 35. Rf4 g5 36. Rff1 f4 37. Rg1 e3 38. Rde1 g4 39.
h3 Rxc5 40. hxg4 Rg5 41. Rg2 Rxg4 42. Rxg4 Bxg4 43. Rg1 f3 44. Rg3 hxg3 0-1

[Event "*** Titled Tuesday Blitz"]
[Site "Chess.com"]
[Date "2020.04.07"]
[Round "2"]
[White "petrpalachev"]
[Black "sergeikim"]
[Result "1-0"]
[WhiteElo "2750"]
[BlackElo "2356"]
[TimeControl "180+1"]
[EndTime "13:19:40 PDT"]
[Termination "petrpalachev won on time"]

1. d4 Nf6 2. c4 g6 3. Nc3 Bg7 4. e4 d6 5. Be2 O-O 6. Be3 e5 7. d5 a5 8. g4 Na6 9. g5 Ne8 10.
h4 Bd7 11. h5 Nc5 12. hxg6 fxg6 13. Bg4 Rc8 14. Kd2 c6 15. Rc1 Nc7 16. Rh4 cxd5 17. cxd5 N7a6 18. Nge2 Bxg4 19. Rxg4 Qd7 20. Rh4 Rf7 21. Qh1 Bf8 22. Qh3 Qxh3 23. Rxh3 Nb4 24. Rch1 Be7 25. Nc1 b6 26. a3 Nba6 27. Rg1 Rcf8 28.
Ke2 Rb8 29. Nd3 Nxd3 30. Kxd3 Nc5+ 31. Ke2 b5 32. b4 axb4 33. axb4 Nb3 34. Kd3 Nd4 35.
Rg2 Bf8 36. Rh1 Rc7 37. Ra1 Rbc8 38. Ra3 Bg7 39. Rg1 Rb8 40. Rb1 Rf7 41. Ra5 Rf3 42. Ne2 Nxe2 43. Kxe2 Rh3 44. Rc1 1-0

[Event "*** Titled Tuesday Blitz"]
[Site "Chess.com"]
[Date "2020.04.07"]
[Round "2"]
[White "nomessi"]
[Black "Stouuf"]
[Result "1-0"]
[WhiteElo "2313"]
[BlackElo "2518"]
[TimeControl "180+1"]
[EndTime "13:19:40 PDT"]
[Termination "nomessi won by checkmate"]

1. e4 c5 2. Nf3 Nc6 3. d4 cxd4 4. Nxd4 g6 5. Nc3 Bg7 6. Be3 Nf6 7. Be2 O-O 8. Nb3 d6 9. g4 Na5 10. g5 Nd7 11. h4 Ne5 12. Nxa5 Qxa5 13. f4 Nc4 14.
Bxc4 Bxc3+ 15. bxc3 Qxc3+ 16. Kf2 Qxc4 17. Qd3 Qxd3 18.
cxd3 Be6 19. h5 Rfc8 20. hxg6 fxg6 21. Rh6 Rc2+ 22. Kf3 Rf8 23. Rah1 Rf7 24. Bd4 Bxa2 25. Rxg6+ Kf8 26. Rgh6 e5 27. Be3 exf4 28. Bd4 Ke7 29. Rxh7 Rxh7 30. Rxh7+ Ke6 31. Rxb7 Rd2 32. g6 Rxd3+ 33.
Kxf4 Rxd4 34. g7 Kf6 35. Rxa7 Bg8 36. Rd7 Ke6 37. Ra7 Bh7 38. Kg5 Rxe4 39. Ra8 Kf7 40. Ra7+ Re7 41. Ra6 Rd7 42. Kh6 Bg8 43. Ra8 d5 44. Rf8+ Ke7 45. Rxg8 Rd6+ 46. Kh7 d4 47. Ra8 d3 48. g8=Q d2 49. Qf8+ Ke6 50. Re8+ Kd5 51. Qf5+ Kc4 52. Rc8+ Kd4 53. Qf4+ Kd5 54. Qxd2+ Ke6 55.
Qe3+ Kd7 56. Qe8# 1-0

[Event "*** Titled Tuesday Blitz"]
[Site "Chess.com"]
[Date "2020.04.07"]
[Round "2"]
[White "jeaston1"]
[Black "esteban062000"]
[Result "1-0"]
[WhiteElo "2442"]
[BlackElo "2149"]
[TimeControl "180+1"]
[EndTime "13:19:41 PDT"]
[Termination "jeaston1 won by resignation"]

1. d4 Nf6 2. c4 e6 3. Nc3 Bb4 4. Qc2 O-O 5. Nf3 c5 6. dxc5 Bxc5 7. Bg5 h6 8. Bxf6 Qxf6 9. e3 Bb4 10. Nd4 Nc6 11. Rd1 b6 12. Nxc6 dxc6 13. Be2 Bb7 14. Bf3 Rad8 15. O-O Bxc3 16. bxc3 Qe7 17. Qa4 Ba8 18. Bxc6 Bxc6 19. Qxc6 Rc8 20. Qa4 Rc7 21. Rd4 Rfc8 22. Rfd1 Qf6 23. h3 e5 24. Rd6 Qf5 25. Rd8+ Kh7 26. Qe8 Rxc4 27. Qg8+ Kg6 28. R1d6+ f6 29.
Qe8+ Kg5 30. Qf7 Qb1+ 31. Kh2 Qg6 32. h4+ Kh5 33. g4+ Rxg4 34. Qxg6+ Kxg6 35. h5+ Kxh5 36. Rxc8 Rh4+ 37. Kg2 Rg4+ 38. Kf1 Kg6 39. Ke2 Rg5 40. Rdc6 Rf5 41. R8c7 Rxf2+ 42. Kxf2 h5 43. Kg2 h4 44. Rd6 Kg5 45. Kh3 g6 46. Rcc6 f5 47. Rxg6+ Kh5 48.
Rcf6 f4 49. exf4 exf4 50. Rh6+ Kg5 51. Rhg6+ Kh5 52. Rxf4 Kxg6 53. Rxh4 1-0

[Event "*** Titled Tuesday Blitz"]
[Site "Chess.com"]
[Date "2020.04.07"]
[Round "2"]
[White "ecwinslow"]
[Black "patrisiii123"]
[Result "1-0"]
[WhiteElo "2169"]
[BlackElo "2400"]
[TimeControl "180+1"]
[EndTime "13:19:41 PDT"]
[Termination "ecwinslow won by checkmate"]

1. e4 e5 2. Nf3 Nc6 3. d4 exd4 4. Nxd4 Nf6 5. Nxc6 bxc6 6. e5 Qe7 7. Qe2 Nd5 8. c4 Ba6 9. Nd2 g6 10. Nf3 Bg7 11. Bg5 Qb4+ 12. Qd2 Qxd2+ 13. Bxd2 Nb6 14.
b3 O-O 15. O-O-O Rfe8 16. Bf4 c5 17. h4 Bb7 18. Be2 a5 19. a4 d6 20. h5 dxe5 21. Be3 e4 22. Ng5 f6 23. Nh3 Re5 24. hxg6 hxg6 25.
Nf4 Kf7 26. g4 Rh8 27. Rxh8 Bxh8 28. Rd8 Bg7 29. Rb8 Bc6 30. Rd8 Bf8 31. Kc2 Be7 32. Rd1 Bd6 33. Nd5 Bxd5 34. cxd5 Kg7 35. Bc4 Nxc4 36.
bxc4 g5 37. Rb1 Re8 38. Rb5 Ra8 39. Bxc5 Bxc5 40. Rxc5 Ra7 41. Rb5 Kf7 42. c5 Ke7 43. Rb8 Kd7 44. Kc3 c6 45. d6 Ke6 46. Kd4 Rh7 47.
Rc8 f5 48. gxf5+ Kxf5 49. Rxc6 Rh1 50. Rc8 Rd1+ 51. Ke3 Ke5 52. Re8+ Kd5 53. d7 Rd3+ 54. Ke2 Kxc5 55. d8=Q Rxd8 56. Rxd8 Kb4 57. Ke3 Kxa4 58. Rb8 Ka3 59. Kxe4 a4 60. Kd3 Ka2 61. Kc2 a3 62. Ra8 g4 63. Ra4 g3 64. fxg3 Ka1 65. Rxa3# 1-0

[Event "*** Titled Tuesday Blitz"]
[Site "Chess.com"]
[Date "2020.04.07"]
[Round "2"]
[White "Megagigahiper3345"]
[Black "Ba_clbaf_osed_ingo_3v21"]
[Result "0-1"]
[WhiteElo "2296"]
[BlackElo "2664"]
[TimeControl "180+1"]
[EndTime "13:19:42 PDT"]
[Termination "Ba_clbaf_osed_ingo_3v21 won by resignation"]

1. d4 Nf6 2. c4 g6 3. Nc3 d5 4.
Nf3 Bg7 5. Qb3 dxc4 6. Qxc4 O-O 7. e4 Nc6 8. e5 Nd7 9. h4 Nb6 10. Qc5 Bg4 11. Be3 a5 12. a3 a4 13. O-O-O Na5 14. Kb1 Nb3 15. Qb4 c6 16. d5 Bf5+ 17. Bd3 Bxd3+ 18.
Rxd3 Nxd5 19. Nxd5 cxd5 20. h5 Qd7 21. hxg6 fxg6 22.
Qh4 h5 23. Nd4 Nxd4 24. Bxd4 Qf5 25. Rh3 Bxe5 26. Bxe5 Qxe5 27. Rhg3 Rf6 28. Rde3 Qf5+ 29. Ka1 e5 30. Rg5 Qf4 31. Qxf4 exf4 32. Rd3 Rd8 33. Rgxd5 Rxd5 34. Rxd5 Rf5 35. Rd4 b5 36. f3 Kg7 37.
Rd7+ Kf6 38. b3 axb3 39. Kb2 Kg5 40. Kxb3 Kh4 41. Rd6 g5 42. Rd2 Kg3 43. Kb4 g4 44. fxg4 hxg4 45. Rc2 f3 46. gxf3 gxf3 47. Rc1 f2 48.
Rf1 Kg2 49. Rxf2+ Kxf2 0-1

[Event "*** Titled Tuesday Blitz"]
[Site "Chess.com"]
[Date "2020.04.07"]
[Round "2"]
[White "nickmatta"]
[Black "Alohamora11"]
[Result "0-1"]
[WhiteElo "2225"]
[BlackElo "2471"]
[TimeControl "180+1"]
[EndTime "13:19:43 PDT"]
[Termination "Alohamora11 won on time"]

1. d4 Nf6 2. c4 c5 3. d5 e6 4. Nc3 exd5 5. cxd5 d6 6. Nf3 g6 7. Bf4 a6 8. a4 Bg7 9. h3 O-O 10. e3 Ne8 11. Be2 Nd7 12. O-O Rb8 13. Nd2 Ne5 14.
Bh2 f5 15. Re1 g5 16. Nc4 Nxc4 17. Bxc4 f4 18. exf4 gxf4 19. Qf3 Qg5 20. Bxf4 Qg6 21. Qg3 Bxh3 22. Qxh3 Rxf4 23. Bd3 Qh6 24. Qxh6 Bxh6 25. Re7 Nf6 26. Rae1 Bf8 27. Rc7 Rb4 28. Re6 Rd4 29. Rxf6 Rxd3 30. Rff7 Rd4 31. f3 b5 32. axb5 axb5 33. Ne4 Rxe4 34. fxe4 Re8 35. Rf4 Kh8 36. Kf2 Bg7 37. Rff7 Bd4+ 38. Kf3 Bxb2 39. Rxh7+ Kg8 40. Rhe7 Rf8+ 41. Kg4 c4 42. Red7 Be5 43. Re7 Rb8 0-1

[Event "*** Titled Tuesday Blitz"]
[Site "Chess.com"]
[Date "2020.04.07"]
[Round "2"]
[White "twitchTriniCupid"]
[Black "BillCoe"]
[Result "1-0"]
[WhiteElo "2406"]
[BlackElo "2019"]
[TimeControl "180+1"]
[EndTime "13:19:43 PDT"]
[Termination "twitchTriniCupid won on time"]

1. d4 d5 2. c4 e6 3. Nc3 Nf6 4. Nf3 Be7 5. Qc2 O-O 6. Bg5 h6 7. Bf4 b6 8. e3 Bb7 9. Be2 dxc4 10. Bxc4 c5 11. O-O cxd4 12. Nxd4 Nc6 13. Nf3 Rc8 14.
Rfd1 Qe8 15. Qe2 Nh5 16. Bd6 Bxd6 17. Rxd6 Na5 18. Ba6 Qe7 19. Rad1 Nf6 20. Ne5 Rc7 21. h3 Rfc8 22. Bxb7 Nxb7 23. R6d4 Nd8 24. Qa6 Nc6 25. Nxc6 Rxc6 26. Nb5 Ra8 27. Qa4 a6 28. Nd6 Rc7 29. Ne4 b5 30. Nxf6+ Qxf6 31. Qa5 Rcc8 32. Qb6 e5 33.
Qxf6 gxf6 34. Rd6 Kg7 35. R1d2 Rc1+ 36. Kh2 Ra1 37. b3 a5 38. Rb6 b4 39. Rb7 a4 40.
Rxb4 axb3 41. axb3 R8a2 42. Rxa2 Rxa2 43. Kg3 h5 44. h4 Kg6 45. Kf3 Rb2 46. Rb6 Kf5 47. g3 e4+ 48. Kg2 Kg6 49. b4 1-0

[Event "*** Titled Tuesday Blitz"]
[Site "Chess.com"]
[Date "2020.04.07"]
[Round "2"]
[White "MFBerna"]
[Black "Pavlov_Sergey"]
[Result "1-0"]
[WhiteElo "2320"]
[BlackElo "2537"]
[TimeControl "180+1"]
[EndTime "13:19:45 PDT"]
[Termination "MFBerna won by resignation"]

1. d4 Nf6 2. c4 e6 3. Nc3 Bb4 4. Qc2 b6 5. Nf3 Bb7 6. Bg5 h6 7. Bxf6 Qxf6 8. a3 Bxc3+ 9. Qxc3 Bxf3 10. Qxf3 Qxf3 11. gxf3 Nc6 12. e3 e5 13. dxe5 Nxe5 14.
f4 Nc6 15. Bg2 Ke7 16. O-O-O Rad8 17. Kc2 Nb8 18. Rhg1 d6 19. Be4 Kf6 20. Rd5 g6 21.
h4 Rhg8 22. h5 c6 23. Rdd1 g5 24. fxg5+ Rxg5 25. Rxg5 hxg5 26. h6 Ke5 27. Bg2 Rh8 28. Rh1 c5 29. Bd5 f5 30. h7 Nd7 31. Rh6 Nf8 32. Bg8 g4 33. Kd3 a6 34. a4 a5 35. b3 f4 36. exf4+ Kf5 37. Rxd6 Ng6 38. Rxb6 Nxf4+ 39. Ke3 Ng2+ 40. Kd2 Nh4 41. Rb5 Nf3+ 42. Ke3 Ng5 43. Rxc5+ Kg6 44. Rxa5 Nxh7 45. Bxh7+ Rxh7 46. Rb5 Rf7 47. a5 Rf3+ 48. Ke2 Rc3 49.
a6 Rc1 50. b4 Ra1 51. Ra5 1-0

[Event "*** Titled Tuesday Blitz"]
[Site "Chess.com"]
[Date "2020.04.07"]
[Round "2"]
[White "rpragchess"]
[Black "FMAntonio"]
[Result "0-1"]
[WhiteElo "2790"]
[BlackElo "2548"]
[TimeControl "180+1"]
[EndTime "13:19:46 PDT"]
[Termination "FMAntonio won by resignation"]

1. e4 e5 2. Nf3 Nf6 3. Nxe5 d6 4.
Nf3 Nxe4 5. Nc3 Nxc3 6. dxc3 Be7 7. Be3 Nc6 8. Bd3 Be6 9. Qd2 Qd7 10. O-O-O O-O-O 11. Kb1 Bf6 12. h3 Kb8 13. Rhe1 h6 14. Bb5 a6 15. Ba4 d5 16. Qe2 Qd6 17. Bxc6 Qxc6 18.
Bd4 Bc8 19. Ne5 Bxe5 20. Qxe5 f6 21. Qg3 Rhg8 22. Re7 g5 23. Rde1 Bf5 24. Qe3 Rd7 25.
Re8+ Rd8 26. Re7 Rd7 27. g4 Rxe7 28. Qxe7 Be4 29. Re3 Re8 30. Qf7 Qb5 31. b3 Rc8 32.
f3 Qf1+ 33. Kb2 Bxf3 34. Re8 b6 35. Re7 Be4 36. Bxb6 Qf4 37. Bd4 Qd6 38. Re6 Qd8 39. Rxf6 Qe8 40. Qg7 Bxc2 41. Qxh6 Qe2 42. Rxa6 Bd3+ 43.
Ka3 Bxa6 44. Qc6 Qb5 45. Qf6 Qa5+ 46. Kb2 Re8 47. Be5 Qb5 48. a4 Qe2+ 0-1